 Dungeon Crawl Stone Soup version 0.22.0-49-gab54619674 (webtiles) character file.

147 Kaderl the Charmwright (level 5, 0/39 HPs)
             Began as a Human Skald on Sept 7, 2018.
             Slain by Jessica
             ... wielding a +0 dagger
              (2 damage)
             ... on level 3 of the Dungeon.
             The game lasted 00:10:56 (1531 turns).

Kaderl the Charmwright (Human Skald)                Turns: 1531, Time: 00:10:56

Health: 0/39       AC:  5    Str: 13    XL:     5   Next: 55%
Magic:  2/9        EV: 10    Int: 13    God:
Gold:   79         SH:  0    Dex: 12    Spells: 6/9 levels left

rFire    . . .     SeeInvis .   k - +0 falchion (slice)
rCold    . . .     Gourm    .   (no shield)
rNeg     . . .     Faith    .   f - +0 ring mail
rPois    .         Spirit   .   (no helmet)
rElec    .         Reflect  .   (no cloak)
rCorr    .         Harm     .   (no gloves)
MR       .....                  (no boots)
Stlth    +.........             (no amulet)
HPRegen  0.13/turn              (no ring)
MPRegen  0.11/turn              (no ring)

@: very slightly contaminated, drained
A: no striking features
a: no special abilities


You were on level 3 of the Dungeon.
You were not hungry.

You visited 1 branch of the dungeon, and saw 3 of its levels.

You collected 79 gold pieces.

Inventory:

Hand Weapons
 a - a +0 falchion
 b - a +2 falchion of draining
 k - a +0 falchion of slicing (weapon)
Armour
 f - a +0 ring mail (worn)
 i - a +2 chain mail of fire resistance
Potions
 g - a potion of mutation {unknown}
 h - a potion of flight {unknown}
Comestibles
 d - 3 rations


   Skills:
 + Level 2.5(1.8) Fighting
 + Level 3.3(2.6) Long Blades
 + Level 1.8(1.1) Armour
 + Level 2.2(1.5) Dodging
 + Level 0.6(0.0) Stealth
 + Level 2.8(2.1) Spellcasting
 + Level 3.5(2.7) Charms


You had 6 spell levels left.
You knew the following spells:

 Your Spells              Type           Power        Failure   Level  Hunger
a - Infusion              Chrm           #...         17%         1    ##.....
b - Song of Slaying       Chrm           #.......     26%         2    ###....

Your spell library contained the following spells:

 Spells                   Type           Power        Failure   Level  Hunger
 Shroud of Golubria       Chrm/Tloc      #.........   41%         2    ###....
 Regeneration             Chrm/Necr      #.........   65%         3    ####...
 Spectral Weapon          Hex/Chrm       #.......     65%         3    ####...


Dungeon Overview and Level Annotations

Branches:
Dungeon (3/15)

Altars:

Annotations:
D:2 Sigmund
D:3 Jessica


Message History

Jessica is lightly wounded.
Jessica hits you but does no damage. Jessica barely misses you.
You hit Jessica but do no damage.
Jessica is lightly wounded.
Jessica barely misses you.
A rat comes into view.
Jessica hits you with a dagger.
* * * LOW HITPOINT WARNING * * *
You closely miss Jessica.
Jessica is lightly wounded.
Jessica hits you but does no damage.
You barely miss Jessica.
Jessica is lightly wounded.
Jessica gestures at you while chanting.
You barely resist. Jessica barely misses you.
You riposte.
You hit Jessica.
Jessica is heavily wounded.
You hit Jessica.
Jessica is almost dead.
Jessica hits you but does no damage. Jessica hits you with a dagger.
You die...

...#.## .....
####...##
.###.......#
...........#
.###.......#####.#
..).....#........#
.####.#.#@.......#
.....#@.......#
#....###........#
#.... #).......#
#... ....######
#[.. ##..r#
#......# #....
#.....<###.#..#
#.............#
#.......##.#.>. ..


You could see Jessica and a rat.

Vanquished Creatures
  An orc priest (D:2)
  3 adders
  2 oozes (D:1)
  3 worms
  2 dart slugs
  A leopard gecko (D:3)
  13 orcs
  A ball python (D:1)
  2 giant cockroaches
  7 goblins
  5 hobgoblins
  4 bats
  4 frilled lizards
  3 kobolds
  7 rats
58 creatures vanquished.

Notes
Turn   | Place    | Note
-------+----------+-------------------------------------------
     0 | D:1      | Kaderl the Human Skald began the quest for the Orb.
     0 | D:1      | Reached XP level 1. HP: 16/16 MP: 3/3
    36 | D:1      | Reached XP level 2. HP: 20/22 MP: 0/5
   349 | D:1      | Reached XP level 3. HP: 25/27 MP: 6/6
   614 | D:2      | Noticed Sigmund
   700 | D:2      | Learned a level 2 spell: Song of Slaying
   840 | D:2      | Reached XP level 4. HP: 33/33 MP: 0/7
  1090 | D:2      | Reached XP level 5. HP: 25/39 MP: 4/9
  1511 | D:3      | Noticed Jessica
  1531 | D:3      | Slain by Jessica

Skill      XL: |  1  2  3  4 |
---------------+-------------+-----
Long Blades    | 3 |  3.3
Fighting       | |  2.5
Armour         | |  1.8
Dodging        | |  2.2
Stealth        | |  0.6
Spellcasting   | |  2.8
Charms         | |  3.5

Action                   |  1- 3 |  4- 6 || total
-------------------------+-------+-------++-------
Melee: Falchion          |    76 |    84 ||   160
 Cast: Infusion          |     7 |     7 ||    14
       Song of Slaying   |       |     2 ||     2
  Use: Scroll            |       |     5 ||     5
       Potion            |       |     1 ||     1
 Stab: Sleeping          |     1 |       ||     1
  Eat: Ration            |       |     1 ||     1
Armor: Leather armour    |    29 |       ||    29
       Ring mail         |     2 |    32 ||    34
Dodge: Dodged            |    69 |    43 ||   112
       Rpst.: Falchion   |    20 |    19 ||    39
